 Dungeon Crawl Stone Soup version 0.23.2-1-ga50397a6bc (webtiles) character file.

Game seed: 18311864650270882833

424 Jukra the Chopper (level 6, 0/56 HPs)
             Began as a Minotaur Berserker on May 10, 2019.
             Was a Priest of Trog.
             Slain by Pikel
             ... wielding a +2 whip of flaming
              (2 damage)
             ... on level 4 of the Dungeon.
             The game lasted 00:07:17 (2022 turns).

Jukra the Chopper (Minotaur Berserker)              Turns: 2022, Time: 00:07:19

Health: 0/56       AC:  1    Str: 24    XL:     6   Next: 64%
Magic:  5/5        EV: 12    Int:  4    God:    Trog [***...]
Gold:   131        SH:  0    Dex:  9    Spells: 5/5 levels left

rFire    . . .     SeeInvis .   d - +1 hand axe (venom)
rCold    . . .     Gourm    .   (no shield)
rNeg     . . .     Faith    .   (no armour)
rPois    +         Spirit   .   (helmet restricted)
rElec    .         Reflect  .   (no cloak)
rCorr    .         Harm     .   p - +0 pair of gloves
MR       .....                  (no boots)
Stlth    +.........             (no amulet)
HPRegen  0.18/turn              i - ring of poison resistance
MPRegen  0.09/turn              j - ring of wizardry

@: no status effects
A: retaliatory headbutt, horns 2
a: Berserk, Trog's Hand, Renounce Religion


You were on level 4 of the Dungeon.
You worshipped Trog.
Trog was most pleased with you.
You were hungry.

You visited 1 branch of the dungeon, and saw 4 of its levels.

You collected 131 gold pieces.

Inventory:

Hand Weapons
 a - a +0 hand axe
 d - a +1 hand axe of venom (weapon)
Armour
 b - a +0 animal skin
 p - a +0 pair of gloves (worn)
 s - a +0 ring mail
Jewellery
 i - a ring of poison resistance (left hand)
 j - a ring of wizardry (right hand)
Scrolls
 f - 4 scrolls of identify {unknown}
 h - a scroll of enchant weapon {unknown}
 n - a scroll of fog {unknown}
 o - 2 scrolls of fear {unknown}
Potions
 e - a potion of cancellation {unknown}
 g - a potion of brilliance {unknown}
 k - 2 potions of curing {unknown}
 l - 2 potions of berserk rage {unknown}
 m - a potion of resistance {unknown}
 q - 2 potions of heal wounds {unknown}
 r - a potion of lignification {unknown}
Comestibles
 c - 5 rations


   Skills:
 + Level 5.4 Fighting
 + Level 7.0 Axes
 + Level 4.0 Armour
 + Level 3.0 Dodging
 + Level 0.3 Stealth


You had 5 spell levels left.
You didn't know any spells.
Your spell library was empty.

Dungeon Overview and Level Annotations

Branches:
Dungeon (4/15)
 Temple: D:4-7

Altars:

Shops:
D:4 [

Annotations:
D:4 Pikel


Innate Abilities, Weirdness & Mutations

You reflexively headbutt those who attack you in melee.
You have a pair of horns on your head.


Message History

The slave is moderately wounded.
You closely miss the slave. The slave barely misses you. The slave hits you!
* * * LOW HITPOINT WARNING * * *
You hit the slave.
The slave looks as sick as possible!
You headbutt the slave.
The slave is severely wounded.
You hit the slave but do no damage.
The slave looks as sick as possible!
The slave misses you. The slave hits you.
* * * LOW HITPOINT WARNING * * *
You hit the slave.
The slave looks as sick as possible!
You headbutt the slave.
You kill the slave!
That felt strangely unrewarding.
You barely miss the slave.
You kill the slave!
That felt strangely unrewarding.
You hit Pikel.
Pikel is poisoned.
Pikel is lightly wounded.
You hit the slave.
The slave is poisoned.
Pikel hits you with a +2 whip of flaming.
* * * LOW HITPOINT WARNING * * *
Pikel burns you.
You die...

#[.......### ..
##....#.##.# #.##
##...#....###...
#.............
##....#.#...#
##..#..#..# #
#.##....# .##..
#####.)[###.....#
##...@K......
##).#p......
#..#.......
#....?......
#>.#........
...#..##....
........ ##..
.......... ..


You could see Pikel and a slave.

Vanquished Creatures
  Sigmund (D:3)
  3 slaves (D:4)
  2 orc priests
  2 orc wizards
  6 adders
  4 worms
  A dart slug (D:2)
  2 leopard geckos
  16 orcs
  2 giant cockroaches
  4 goblins
  6 hobgoblins
  4 jackals (D:3)
  9 bats
  7 kobolds
  A leopard gecko skeleton (D:4)
  3 rats
73 creatures vanquished.

Notes
Turn   | Place    | Note
-------+----------+-------------------------------------------
     0 | D:1      | Jukra the Minotaur Berserker began the quest for the Orb.
     0 | D:1      | Reached XP level 1. HP: 19/19 MP: 0/0
   229 | D:1      | Reached skill level 4 in Axes
   229 | D:1      | Reached XP level 2. HP: 27/27 MP: 1/1
   546 | D:2      | Reached XP level 3. HP: 33/33 MP: 2/2
   834 | D:2      | Reached ** piety under Trog
   991 | D:3      | Noticed Sigmund
  1003 | D:3      | Killed Sigmund
  1003 | D:3      | Reached skill level 5 in Fighting
  1003 | D:3      | Reached skill level 5 in Axes
  1003 | D:3      | Reached XP level 4. HP: 12/42 MP: 3/3
  1003 | D:3      | Reached XP level 5. HP: 14/48 MP: 4/4
  1041 | D:3      | Reached skill level 6 in Axes
  1050 | D:3      | Reached XP level 6. HP: 13/56 MP: 5/5
  1965 | D:4      | Found Cimop's Antique Armour Boutique.
  1998 | D:4      | Reached *** piety under Trog
  2008 | D:4      | Noticed a slave
  2010 | D:4      | Reached skill level 7 in Axes
  2011 | D:4      | Noticed a slave
  2011 | D:4      | Noticed a slave
  2013 | D:4      | Noticed a slave
  2014 | D:4      | Noticed Pikel
  2016 | D:4      | Killed a slave
  2021 | D:4      | Killed a slave
  2021 | D:4      | Killed a slave
  2022 | D:4      | HP: 2/56 [Pikel/+2 whip of flaming (3)]
  2022 | D:4      | Slain by Pikel

Skill      XL: |  1  2  3  4  5  6 |
---------------+-------------------+-----
Axes           | 4 5 6 7 |  7.0
Fighting       | 4 5 |  5.4
Armour         | 3 4 |  4.0
Dodging        | 3 |  3.0
Stealth        | |  0.3

Action                   |  1- 3 |  4- 6 || total
-------------------------+-------+-------++-------
Melee: Hand axe          |    62 |    81 ||   143
       Headbutt          |     5 |    21 ||    26
Invok: Berserk           |       |     1 ||     1
  Eat: Chunk             |       |     4 ||     4
Armor: Animal skin       |     3 |       ||     3
       Chain mail        |    45 |    17 ||    62
Dodge: Dodged            |    37 |    42 ||    79
